 Dungeon Crawl Stone Soup version 0.28-a0-779-g3d1f99b579 (webtiles) character file.

Game seed: 10051266974408493807

12595 siradein the Slasher (level 11, -9/58 HPs)
             Began as a Vine Stalker Berserker on Nov 3, 2021.
             Was a High Priest of Trog.
             Killed from afar by a lindwurm (26 damage)
             ... with a blast of flame
             ... on level 1 of the Lair of Beasts.
             The game lasted 00:54:02 (11967 turns).

siradein the Slasher (Vine Stalker Berserker)      Turns: 11967, Time: 00:54:03

Health: -9/58      AC: 11    Str: 22    XL:     11   Next: 95%
Magic:  0/17       EV: 14    Int:  7    God:    Trog [*****.]
Gold:   332        SH:  5    Dex: 15    Spells: 10/10 levels left

rFire   . . .      SeeInvis +   G - +3 scimitar (flame)
rCold   . . .      Faith    +   h - +0 buckler
rNeg    . . .      Spirit   +   T - +0 acid dragon scales
rPois   +          Reflect  .   d - +2 helmet {SInv}
rElec   .          Harm     .   (no cloak)
rCorr   +          Rampage  .   (no gloves)
Will    +....                   (no boots)
Stlth   +.........              i - amulet of faith
HPRegen 1.19/turn               r - ring of poison resistance
MPRegen 0.15/turn               (no ring)

@: no status effects
A: fangs 3, regeneration 1, magic shield, antimagic bite, no potion heal 2
a: Renounce Religion, Berserk, Trog's Hand, Brothers in Arms


You were on level 1 of the Lair of Beasts.
You worshipped Trog.
Trog was extremely pleased with you.
You visited 2 branches of the dungeon, and saw 12 of its levels.

You collected 774 gold pieces.
You spent 442 gold pieces at shops.

Inventory:

Hand Weapons
 D - a +1 falchion of freezing
 G - a +3 scimitar of flaming (weapon)
 L - a +0 vorpal hunting sling
 N - a +5 great sword
Missiles
 c - 71 poisoned darts
 g - 220 stones
 m - 2 curare-tipped darts
 p - 13 boomerangs (quivered)
 q - 101 sling bullets
 O - 6 throwing nets
Armour
 d - a +2 helmet of see invisible (worn)
 h - a +0 buckler (worn)
 T - +0 acid dragon scales (worn)
Jewellery
 a - an amulet of reflection
 b - a ring of ice
 i - an amulet of faith (around neck)
 r - a ring of poison resistance (left hand)
 B - an amulet of regeneration
Wands
 l - a wand of mindburst (19)
 n - a wand of flame (91)
 s - a wand of polymorph (14)
 E - a wand of acid (6)
 Q - a wand of iceblast (10)
Scrolls
 e - a scroll of enchant weapon
 f - a scroll of fear
 j - 5 scrolls of teleportation
 t - a scroll of brand weapon
 u - 3 scrolls of fog
 w - a scroll of immolation
 x - 2 scrolls of enchant armour
 C - a scroll of magic mapping
 R - 2 scrolls of holy word
 S - a scroll of silence
Potions
 o - 2 potions of cancellation
 v - 2 potions of curing
 z - 3 potions of might
 A - a potion of attraction
 F - 2 potions of invisibility
 I - a potion of lignification
 K - 3 potions of brilliance {unknown}
 M - a potion of ambrosia {unknown}
 P - a potion of magic {unknown}


   Skills:
 + Level 7.6 Fighting
 + Level 7.7 Long Blades
 + Level 2.1(3.7) Slings
 + Level 4.8(5.0) Throwing
 + Level 6.7 Armour
 + Level 6.7 Dodging
 - Level 4.0 Shields
 + Level 7.4 Invocations


You had 10 spell levels left.
You didn't know any spells.
Your spell library was empty.

Dungeon Overview and Level Annotations

Branches:
Dungeon (11/15)            Temple (0/1) D:5            Lair (1/6) D:10
    Orc (0/2) D:11

Altars:
Okawaru

Shops:
D:3 (   D:5 [:[?   D:7 ?

Portals:
Volcano: Lair:1

Annotations:
D:6 2 transporters, Thraspic's ghost, novice VSWn


Innate Abilities, Weirdness & Mutations

You have razor-sharp teeth.
Your natural rate of healing is unusually fast.
When hurt, damage is shared between your health and your magic reserves.
Your bite disrupts and absorbs the magic of your enemies.
Potions cannot restore your health.


Message History

There is a stone staircase leading down here.
You climb downwards.
There is a stone staircase leading up here.
There is an open door here.
There is a stone staircase leading down here.
You climb downwards.
There is a stone staircase leading up here.
You enter the shallow water.
Moving in this stuff is going to be slow.
There is a stone staircase leading down here.
You climb downwards.
There is a stone staircase leading up here.
There is a stone staircase leading down here.
There is a staircase to the Lair here.
You climb downwards.
Welcome to the Lair of Beasts!
You feel an oppressive heat about you.
There is an entrance to a volcano on this level.
Hurry and find it before the entrance collapses!
Found a hunting sling.
Found an escape hatch in the floor.
There is a staircase back to the Dungeon here.
As you read the scroll of magic mapping, it crumbles to dust.
You feel aware of your surroundings.
You sensed 1 altar, and 1 shop/portal.
Found a potion of heal wounds.
Found a scroll of holy word.
Found a stone staircase leading down.
Found an amulet of faith and a potion of invisibility.
You see here a potion of heal wounds.
R - 2 scrolls of holy word (gained 1)
F - 2 potions of invisibility (gained 1)
You hear the slow rumble of an avalanche of rocks nearby.
A lindwurm comes into view.
Found a dark tunnel.
The lindwurm roars!
The lindwurm breathes flames at you. The blast of flame hits you!!
The lindwurm breathes flames at you. The blast of flame hits you!!!
Ouch! That really hurt!
* * * LOW HITPOINT WARNING * * *
The lindwurm breathes flames at you. The blast of flame hits you!!
You die...

.............# #..........####**
.............###...........#.#.**
.......>.......#......>...+...#,,
...........................#....,
.....).........#..........######,
.............#....!.......# **
....##################..".# *
..### ####.#.#######...#
..########....§.@.#...#...#
####∩......§§≈≈§§§§.#.....#
#§≈≈≈..≈≈§§..≈§≈≈#.....#
#...§§≈§.k......##..#.##
##...§..########...#..#*
***##.##.## **#######.# **
**,*,######** ***,,***,,,.# ***,
*,,,,,,,,,*,* *,,,,,,,,,,.# **,,,
**,,,,,,,,,,* *,,,,,,,,,,## *,,,,


You could see a lindwurm (catching breath).

Vanquished Creatures
  A hydra (D:11)
  Erica (D:8)
  2 two-headed ogres
  A death knight (D:10)
  A death yak (D:9)
  A cyclops (D:11)
  A centaur zombie (D:9)
  A hornet (D:9)
  A vampire (D:11)
  16 yaks
  2 wyverns
  A steam dragon (D:5)
  2 basilisks
  3 acid dragons
  4 wargs (D:11)
  A water moccasin (D:6)
  3 black bears
  A sky beast (D:7)
  2 necrophages
  5 ogres
  A wolf (D:10)
  3 centaurs
  3 bullfrogs
  A gnoll sergeant (D:10)
  5 scorpions
  A wyvern zombie (D:8)
  A water moccasin skeleton (D:5)
  9 killer bees
  2 howler monkeys (D:11)
  2 electric eels (D:9)
  8 wights
  2 bullfrog zombies
  A jelly (D:7)
  A bullfrog skeleton (D:6)
  2 centaur skeletons
  6 orc priests
  3 gnoll shamans (D:10)
  6 hounds
  Natasha (thrice) (D:2)
  6 iguanas
  9 orc wizards
  2 howler monkey zombies
  15 gnolls
  5 adders
  2 shadow imps
  A white imp (D:6)
  3 worms
  2 dart slugs
  30 orcs
  9 ball pythons
  3 bats
  4 endoplasms
  4 goblins
  7 hobgoblins
  8 jackals
  A quokka (D:3)
  2 frilled lizards (D:2)
  3 kobolds
  4 rats
230 creatures vanquished.

Vanquished Creatures (others)
  An orc (D:9)
  12 plants (D:9)
13 creatures vanquished.

Grand Total: 243 creatures vanquished

Notes
Turn   | Place    | Note
-------+----------+-------------------------------------------
     0 | D:1      | siradein the Vine Stalker Berserker began the quest for the
                  | Orb.
     0 | D:1      | Reached XP level 1. HP: 11/11 MP: 2/2
   465 | D:1      | Reached XP level 2. HP: 16/16 MP: 3/3
  1274 | D:1      | Found a faded altar of an unknown god.
  1680 | D:2      | Reached XP level 3. HP: 20/20 MP: 4/4
  2575 | D:2      | Noticed Natasha
  2584 | D:2      | Killed Natasha
  2585 | D:2      | Reached skill level 1 in Shields
  2585 | D:2      | Gained mutation: Your natural rate of healing is unusually
                  | fast. [Vine Stalker growth]
  2585 | D:2      | Reached XP level 4. HP: 24/24 MP: 5/5
  2638 | D:2      | Reached ** piety under Trog
  2679 | D:2      | Noticed Natasha
  2728 | D:2      | Killed Natasha
  2821 | D:2      | Noticed Natasha
  2827 | D:2      | Killed Natasha
  2828 | D:2      | Reached XP level 5. HP: 28/28 MP: 6/6
  2858 | D:3      | Found Ruoteq's Antique Weapon Shoppe.
  3499 | D:4      | Reached skill level 1 in Invocations
  3577 | D:4      | Reached XP level 6. HP: 30/32 MP: 4/7
  3778 | D:4      | Noticed a necrophage
  3785 | D:4      | Killed a necrophage
  3854 | D:4      | Reached *** piety under Trog
  4533 | D:5      | Entered Level 5 of the Dungeon
  4584 | D:5      | Reached XP level 7. HP: 34/37 MP: 7/9
  4643 | D:5      | Found a staircase to the Ecumenical Temple.
  4852 | D:5      | Found Qulour's Magic Scroll Emporium.
  4852 | D:5      | Found Asoaghih's Book Emporium.
  4853 | D:5      | Found Tyqoxte's Armour Emporium.
  4855 | D:5      | Found Tadwik's Antique Armour Emporium.
  4857 | D:5      | Bought a scroll of identify for 30 gold pieces
  4870 | D:5      | Bought a +0 helmet of see invisible for 149 gold pieces
  4928 | D:5      | Gained mutation: You have razor-sharp teeth. [Vine Stalker
                  | growth]
  4928 | D:5      | Reached XP level 8. HP: 42/42 MP: 9/11
  5918 | D:6      | Reached skill level 5 in Long Blades
  5977 | D:5      | Reached skill level 5 in Fighting
  5983 | D:5      | Reached XP level 9. HP: 34/47 MP: 9/12
  6088 | D:6      | Found a transporter.
  6170 | D:6      | Found a transporter.
  6239 | D:6      | Noticed Thraspic's ghost (novice VSWn)
  6629 | D:7      | Found Aprie's Magic Scroll Shop.
  6665 | D:7      | Bought a scroll of magic mapping for 38 gold pieces
  6727 | D:7      | Reached **** piety under Trog
  6862 | D:7      | Reached skill level 1 in Throwing
  6862 | D:7      | Reached skill level 5 in Armour
  6888 | D:7      | Reached skill level 5 in Dodging
  6888 | D:7      | Reached skill level 5 in Invocations
  6924 | D:7      | Found an iron altar of Okawaru.
  6948 | D:7      | Reached XP level 10. HP: 53/53 MP: 14/14
  7694 | D:8      | Noticed Erica
  7725 | D:8      | Killed Erica
  9042 | D:9      | Noticed a two-headed ogre
  9064 | D:9      | Killed a two-headed ogre
  9187 | D:9      | Reached XP level 11. HP: 43/58 MP: 10/16
  9293 | D:9      | Reached ***** piety under Trog
  9444 | D:10     | Entered Level 10 of the Dungeon
  9449 | D:10     | Found a staircase to the Lair.
  9449 | D:10     | Noticed a death yak
  9587 | D:9      | Killed a death yak
  9844 | D:10     | Received a gift from Trog
 10025 | D:10     | Noticed a death knight
 10036 | D:10     | Killed a death knight
 10564 | D:11     | Noticed a cyclops
 10576 | D:11     | Killed a cyclops
 10888 | D:11     | Noticed a seven-headed hydra
 10957 | D:11     | Killed a one-headed hydra
 10958 | D:11     | Reached skill level 1 in Slings
 11311 | D:11     | Noticed a two-headed ogre
 11349 | D:11     | Killed a two-headed ogre
 11524 | D:11     | Found a staircase to the Orcish Mines.
 11770 | D:7      | Bought a scroll of identify for 22 gold pieces
 11770 | D:7      | Bought a scroll of fog for 22 gold pieces
 11770 | D:7      | Bought a scroll of identify for 22 gold pieces
 11770 | D:7      | Bought a scroll of noise for 11 gold pieces
 11770 | D:7      | Bought a scroll of immolation for 38 gold pieces
 11770 | D:7      | Bought 3 scrolls of identify for 66 gold pieces
 11770 | D:7      | Bought a scroll of identify for 22 gold pieces
 11770 | D:7      | Bought a scroll of identify for 22 gold pieces
 11894 | Lair:1   | Entered Level 1 of the Lair of Beasts
 11952 | Lair:1   | Found a dark tunnel.
 11952 | Lair:1   | Noticed a lindwurm
 11967 | Lair:1   | Killed from afar by a lindwurm

Illustrated notes

Levels and vault maps discovered:
D:1:      ncdulo_watergridlock, layout_basic,
          shapermc_ecumenical_altar_mp_vishouse, hangedman_decor_lopped
D:2:      layout_rooms, uniq_natasha
D:3:      layout_basic, serial_shops, nicolae_shop_overgrown_old_shop
D:4:      layout_loops_corners
D:5:      minmay_chambers_of_fours, layout_loops_corners,
          minmay_temple_entry_proselytizer, minmay_shop_grid_forest
D:6:      layout_cave_pools, gammafunk_ghost_stat_death
D:7:      layout_loops_ring, okawaru_ov_weapons_minmay, serial_shops,
          nicolae_shop_trees
D:8:      layout_gridville, uniq_erica
D:9:      layout_basic, chequers_big_river
D:10:     layout_big_octagon, david_lair_generic, serial_gnoll_camp,
          gnoll_camp_medium_01, gnoll_camp_mini_house,
          gnoll_camp_mini_loothouse, gnoll_camp_mini_hut
D:11:     layout_loops_corners, minmay_orc_entry_guard_dogs, grunt_ministairs_4
Lair:1:   layout_roguey [special_room_bee], nicolae_volcano_entry_vermiform,
          kennysheep_snail_temple

Skill      XL: |  1  2  3  4  5  6  7  8  9 10 11 |
---------------+----------------------------------+-----
Long Blades    | 3 4 5 6 7 |  7.7
Fighting       | 3 4 5 6 7 |  7.6
Armour         | 2 3 4 5 6 |  6.7
Dodging        | 2 3 4 5 6 |  6.7
Shields        | 1 2 3 4 |  4.0
Invocations    | 1 2 3 5 6 7 |  7.4
Throwing       | 1 3 4 |  4.8
Slings         | 2 |  2.1

Action                   |  1- 3 |  4- 6 |  7- 9 | 10-12 || total
-------------------------+-------+-------+-------+-------++-------
Melee: Falchion          |   107 |   151 |   278 |    32 ||   568
       Bite              |    25 |    44 |   113 |   128 ||   310
       Scimitar          |       |       |       |   327 ||   327
 Fire: Hunting sling     |       |       |       |    14 ||    14
Throw: Boomerang         |       |       |     1 |     2 ||     3
Invok: Berserk           |     2 |     4 |     4 |     6 ||    16
       Trog's Hand       |       |       |     1 |     2 ||     3
  Use: Scroll            |       |       |     7 |    11 ||    18
Armor: Ring mail         |    31 |    23 |       |       ||    54
       Animal skin       |     1 |       |       |       ||     1
       Plate armour      |       |    27 |    56 |       ||    83
       Chain mail        |       |       |    88 |   132 ||   220
       Acid dragon scale |       |       |       |    10 ||    10
Dodge: Dodged            |    50 |    62 |   117 |   149 ||   378
Block: Buckler           |    11 |    27 |    61 |    84 ||   183

Table legend: (Time is in decaauts)
 A = Elapsed time spent in this place.
 B = Non-inter-level travel time spent in this place.
 C = Inter-level travel time spent in this place.
 D = Time resting spent in this place.
 E = Time spent auto-exploring this place.
 F = Levels seen in this place.
 G = Mean time per level.
                   A        B        C        D        E       F      G
               +--------+--------+--------+--------+--------+-----+--------+
         Total |  12205 |  11733 |    472 |    728 |   8315 |  12 | 1017.1 |
       Dungeon |  12132 |  11660 |    472 |    728 |   8315 |  11 | 1102.9 |
          Lair |     72 |     72 |      0 |      0 |      0 |   1 |   72.0 |
               +--------+--------+--------+--------+--------+-----+--------+

Top non-repeatable levels by time:
     D:1: 1784 daAuts
     D:9: 1526 daAuts
     D:5: 1347 daAuts
    D:11: 1249 daAuts
     D:2: 1138 daAuts
     D:4: 1068 daAuts
     D:8: 1066 daAuts
     D:7: 866 daAuts
    D:10: 805 daAuts
     D:3: 647 daAuts
     D:6: 632 daAuts
  Lair:1: 72 daAuts
